 Dungeon Crawl Stone Soup version 0.25-a0-803-g58bd18402a (webtiles) character file.

Game seed: 16897011816245103878, levelgen mode: deterministic

45 Maedhros the Charlatan (level 3, 0/23 HPs)
             Began as an Octopode Artificer on Apr 19, 2020.
             Succumbed to an adder's poison
             ... on level 3 of the Dungeon.
             The game lasted 00:01:00 (925 turns).

Maedhros the Charlatan (Octopode Artificer)          Turns: 925, Time: 00:01:01

Health: 0/23       AC:  1    Str: 11    XL:     3   Next: 64%
Magic:  5/5        EV: 13    Int: 13    God:
Gold:   56         SH:  3    Dex: 13    Spells: 2/2 levels left

rFire    . . .     SeeInvis .   h - +2 mace (protect)
rCold    . . .     Gourm    .   e - +0 buckler
rNeg     . . .     Faith    .   (helmet restricted)
rPois    .         Spirit   .   (no amulet)
rElec    .         Reflect  .   (no ring)
rCorr    .         Harm     .   (no ring)
MR       .....                  (no ring)
Stlth    +++.......             (no ring)
HPRegen  0.07/turn              (no ring)
MPRegen  0.09/turn              (no ring)
                                (no ring)
                                (no ring)

@: brilliant, lethally poisoned (0 -> -6)
A: almost no armour, stealthy swim, amphibious, 8 rings, constrict 8, camouflage
1, gelatinous body 1
a: no special abilities


You were on level 3 of the Dungeon.
You were not hungry.

You visited 1 branch of the dungeon, and saw 3 of its levels.

You collected 56 gold pieces.

Inventory:

Hand Weapons
 a - a +0 short sword
 h - a +2 mace of protection (weapon)
Armour
 e - a +0 buckler (worn)
Wands
 b - a wand of flame (15)
 c - a wand of enslavement (13)
 d - a wand of random effects (15)
Scrolls
 g - 2 scrolls of remove curse {unknown}
 i - a scroll of fog {unknown}
 j - a scroll of identify {unknown}
 k - a scroll of teleportation {unknown}
 l - a scroll of enchant armour {unknown}
Comestibles
 f - 5 rations


   Skills:
 + Level 1.3 Fighting
 - Level 1.0 Short Blades
 + Level 2.2 Dodging
 + Level 2.3 Stealth
 + Level 0.5 Shields
 * Level 1.7 Unarmed Combat
 + Level 3.6 Evocations


You had 2 spell levels left.
You didn't know any spells.
Your spell library was empty.

Dungeon Overview and Level Annotations

Branches:
Dungeon (3/15)

Altars:


Innate Abilities, Weirdness & Mutations

You cannot wear most types of armour.
You are very stealthy in the water. (Stealth+)
You are amphibious.
You can wear up to eight rings at the same time.
You can use your tentacles to constrict eight enemies at once.
Your skin changes colour to match your surroundings (Stealth+).
Your rubbery body absorbs attacks. (AC +1, EV +1)


Message History

* * * LOW HITPOINT WARNING * * *
You feel sick.
* * * LOW HITPOINT WARNING * * *
You feel sick.
You see here a green potion.
m - a green potion It was a potion of brilliance.
You feel clever all of a sudden.
* * * LOW HITPOINT WARNING * * *
You feel sick. What are your orders? t - Shout!
Orders for allies: a - Attack new target. p - Attack previous target. r - Retreat! s - Stop attacking. g - Guard the area. f - Follow me.
Anything else - Cancel.
Guard this area!
* * * LOW HITPOINT WARNING * * *
You feel sick.
You die...

#. #. ############ #.
#@.S.......#
.....##.#####.##%.........#
...[......................#
........#.................#
......#...##.......########
...................#
........#.....?....#
...................#
...................#


You could see a friendly adder (wandering).

Vanquished Creatures
  2 adders
  A worm (D:2)
  4 orcs (D:3)
  A giant cockroach (D:1)
  2 goblins (D:2)
  2 hobgoblins (D:3)
  3 jackals (D:2)
  2 bats (D:2)
  3 rats
20 creatures vanquished.

Notes
Turn   | Place    | Note
-------+----------+-------------------------------------------
     0 | D:1      | Maedhros the Octopode Artificer began the quest for the
                  | Orb.
     0 | D:1      | Reached XP level 1. HP: 13/13 MP: 3/3
   164 | D:2      | Reached skill level 1 in Unarmed Combat
   164 | D:2      | Reached XP level 2. HP: 2/18 MP: 4/4
   694 | D:2      | Reached XP level 3. HP: 20/23 MP: 5/5
   923 | D:3      | HP: 1/23 [poisoned by an adder]
   925 | D:3      | Succumbed to an adder's poison

Levels and vault maps discovered:
D:1:      tarquinn_simple_flora_water_b, layout_loops_corners,
          minmay_tetromino_o2
D:2:      layout_basic, minmay_split_cup_small
D:3:      layout_rooms, tgw_trog, gammafunk_temple_overflow_pools, first_ration

Skill      XL: |  1  2 |
---------------+-------+-----
Unarmed Combat | 1 |  1.7
Stealth        | 2 |  2.3
Fighting       | |  1.3
Short Blades   | |  1.0
Dodging        | |  2.2
Shields        | |  0.5
Evocations     | |  3.6

Action                   || total
-------------------------++-------
Melee: Short sword       ||    16
       Constrict         ||    16
       Tentacles         ||    11
       Mace              ||    27
       Punch             ||     1
Evoke: Wand              ||     2
  Use: Potion            ||     1
 Stab: Sleeping          ||     1
Armor: Skin              ||     7
Dodge: Dodged            ||    29
Block: Buckler           ||     7

Table legend:
 A = Non-vault XP
 B = Vault XP
 C = Vault XP percentage of total XP
 D = Non-vault monster count
 E = Vault monster count
 F = Vault count percentage of total count
                 A         B        C        D         E       F
            +---------+---------+-------+---------+---------+-------
      Total |      57 |       8 |  12.3 |      17 |       3 |  15.0
            +---------+---------+-------+---------+---------+-------
        D:1 |       2 |       0 |   0.0 |       1 |       0 |   0.0
        D:2 |      25 |       8 |  24.2 |       8 |       3 |  27.3
        D:3 |      30 |       0 |   0.0 |       8 |       0 |   0.0
            +---------+---------+-------+---------+---------+-------
